 Dungeon Crawl Stone Soup version 0.13-a0-2979-gb6a86b3 (webtiles) character file.

404 DaftWullie the Cutter (level 6, -1/38 HPs)
             Began as a Kobold Berserker on Sept 6, 2013.
             Was a Believer of Trog.
             Killed by divine providence
             ... invoked by an orc priest
              (14 damage)
             ... on Level 4 of the Dungeon on Sept 7, 2013.
             The game lasted 00:28:34 (2608 turns).

DaftWullie the Cutter (Kobold Berserker)            Turns: 2608, Time: 00:28:34

HP  -1/38        AC  3     Str 17      XL: 6   Next: 34%
MP   5/5         EV 15     Int  6      God: Trog [**....]
Gold 156         SH  0     Dex 15      Spells:  0 memorised,  5 levels left

Res.Fire  : + . .   See Invis. : .   a - +1,+2 elf short sword
Res.Cold  : x . .   Warding    : .   y - +0 orc leather armour
Life Prot.: . . .   Conserve   : .   (no shield)
Res.Poison: .       Res.Corr.  : .   (no helmet)
Res.Elec. : .       Clarity    : .   (no cloak)
Sust.Abil.: . .     Spirit.Shd : .   (no gloves)
Res.Mut.  : .       Rnd.Telep. : +   (no boots)
Res.Rott. : .       Flight     : .   (no amulet)
Saprovore : + + .                    k - ring of fire
                                     i - cursed ring of teleportation

@: regenerating, exhausted, slowed, drained, very slow, quite resistant to
hostile enchantments, unstealthy
A: disease resistance, carnivore 3, saprovore 2
a: Burn Spellbooks, Berserk, Trog's Hand, Renounce Religion, Evoke Teleportation


You were on level 4 of the Dungeon.
You worshipped Trog.
Trog was most pleased with you.
You were very full.

You visited 1 branch of the dungeon, and saw 4 of its levels.

You collected 136 gold pieces.

Inventory:

Hand weapons
 a - a +1,+2 elven short sword (weapon)
 d - a +0,+0 short sword
 n - a +0,+0 short sword
 v - a +0,+0 dagger
 x - a -1,+0 orcish dagger
 E - a +0,+0 dagger
Missiles
 D - a dart (quivered)
Armour
 b - a +0 animal skin
 y - a +0 orcish leather armour (worn)
Comestibles
 c - 3 meat rations
 t - a chunk of rat flesh
Scrolls
 e - a scroll of random uselessness
 f - a scroll of recharging {unknown}
 g - 2 scrolls of teleportation
 j - a scroll of noise {unknown}
 l - a scroll of enchant weapon I {unknown}
 p - a scroll of fear {unknown}
 q - a scroll of curse weapon {unknown}
 w - 2 scrolls of amnesia {unknown}
 z - 2 scrolls of identify {unknown}
 B - a scroll of remove curse {unknown}
 C - a scroll of curse jewellery {unknown}
Jewellery
 i - a cursed ring of teleportation (left hand)
 k - a ring of fire (right hand)
 o - a cursed -2 ring of protection {unknown}
Potions
 h - a potion of invisibility {unknown}
 m - 3 potions of curing {unknown}
 r - a potion of resistance {unknown}
 s - a potion of might {unknown}
 u - a potion of slowing {unknown}
 A - a potion of poison {unknown}


   Skills:
 + Level 3.8(3.5) Fighting
 * Level 6.8(6.5) Short Blades
 - Level 0.3(0.0) Throwing
 - Level 1.5(1.2) Armour
 + Level 5.0(4.7) Dodging
 - Level 0.4(0.1) Stealth


You had 5 spell levels left.
You didn't know any spells.

Dungeon Overview and Level Annotations

Branches:
Dungeon (4/27)
 Temple: D:4-7

Altars:

Annotations:
D:4 Edmund


Innate Abilities, Weirdness & Mutations

You recuperate from illness quickly.
You are small and have problems with some larger weapons.
You are carnivorous and can eat meat at any time.
You can eat rotten meat.


Message History

You barely miss the goblin. The goblin closely misses you.
The hound closely misses you.
The orc priest invokes the aid of Beogh against you.
Something smites you! The hound bites you.
* * * LOW HITPOINT WARNING * * *
You feel a strong urge to attack something.
Found 8 gold pieces.
You are no longer berserk.
You are exhausted.
You feel yourself slow down.
Use which ability? (? or * to list)
Your skin crawls.
You feel resistant to hostile enchantments.
You feel slightly less full. The goblin barely misses you.
Edmund says, "You wouldn't believe how much I paid for this flail."
The quokka bites you but does no damage.
The orc closely misses you. The hound barely misses you.
The orc priest calls down the wrath of Beogh upon you.
Something smites you!
You die...

........................
........................
................r.......
.......................
........................
.........###............
.........# #............
.........h###............
........@ro..............
........goo..............
.......o.o..............
........@.o.............
.$......o..............
.....................
.....oo............
................
..............


You could see Edmund, an orc warrior, a hound, an orc priest, 7 orcs, a quokka
and a goblin.

Vanquished Creatures
  The ghost of wvc the Cutter, an average KoBe of Trog (D:3)
  An orc priest (D:3)
  A scorpion (D:4)
  An orc wizard (D:3)
  3 adders
  A giant mite (D:2)
  A worm (D:2)
  2 giant geckos
  4 orcs
  11 bats
  A giant cockroach (D:4)
  3 hobgoblins
  3 jackals (D:3)
  A ball python (D:2)
  4 giant newts
  10 goblins
  4 kobolds
  9 rats
61 creatures vanquished.

Notes
Turn   | Place    | Note
--------------------------------------------------------------
     0 | D:1      | DaftWullie, the Kobold Berserker, began the quest for the Orb.
     0 | D:1      | Reached XP level 1. HP: 14/14 MP: 0/0
   383 | D:1      | Reached XP level 2. HP: 12/19 MP: 1/1
   649 | D:2      | Reached XP level 3. HP: 18/24 MP: 2/2
   654 | D:2      | Acquired Trog's second power
   729 | D:2      | Reached skill level 5 in Short Blades
  1200 | D:2      | Reached XP level 4. HP: 26/28 MP: 3/3
  1637 | D:3      | Upgraded the game from 0.13-a0-2960-g2f00e6d to 0.13-a0-2979-gb6a86b3
  1717 | D:3      | Reached XP level 5. HP: 33/33 MP: 4/4
  1721 | D:3      | Reached skill level 6 in Short Blades
  1812 | D:3      | Noticed wvc's ghost (average KoBe)
  2041 | D:3      | Killed wvc's ghost
  2041 | D:3      | Reached XP level 6. HP: 38/38 MP: 5/5
  2479 | D:4      | Reached skill level 5 in Dodging
  2581 | D:4      | Noticed an orc warrior
  2594 | D:4      | Noticed Edmund
  2608 | D:4      | Killed from afar by an orc priest

Action                   |  1- 3 |  4- 6 || total
-------------------------+-------+-------++-------
Melee: Short sword       |   138 |    99 ||   237
Throw: Dart              |     4 |     2 ||     6
       Dagger            |       |     3 ||     3
Invok: Berserk           |     3 |     4 ||     7
       Trog's Hand       |     1 |     1 ||     2
  Use: Scroll            |     1 |     2 ||     3
 Stab: Sleeping          |     2 |     1 ||     3
